 Dungeon Crawl Stone Soup version 0.31.0-12-g77e489cdc1 (webtiles) character file.

Game seed: 12373133238930340528

39 Gadfly the Covered (level 3, 0/30 HPs)
             Began as an Armataur Fighter on Feb 28, 2024.
             Slain by Crazy Yiuf
             ... wielding a +2 quarterstaff of chaos
              (9 damage)
             ... on level 2 of the Dungeon.
             The game lasted 00:02:15 (1743 turns).

Gadfly the Covered (Armataur Fighter)               Turns: 1743, Time: 00:02:15

Health: 0/30       AC:  0    Str: 21    XL:     3   Next: 26%
Magic:  3/3        EV: 17    Int:  8    God:
Gold:   165        SH:  0    Dex: 16    Spells: 2/2 levels left

rFire   . . .        a - melded +1 flail
rCold   . . .        c - melded +0 buckler
rNeg    . . .        j - melded +0 chain mail
rPois   .            (helmet currently unavailable)
rElec   .            e - melded +0 cloak
rCorr   .            (gloves currently unavailable)
SInv    .            (no barding)
Will    .....        h - amulet of regeneration
Stlth   +            (ring currently unavailable)
HPRegen 1.05/turn    (ring currently unavailable)
MPRegen 0.08/turn

%: roll
@: bat-form, flying, very quick
A: fast, flying, no casting, tiny, (deformed body), (tough skin 3), (armoured
tail), roll 1
a: no special abilities


You were on level 2 of the Dungeon.
You were a bat.
You visited 1 branch of the dungeon, and saw 2 of its levels.

You collected 165 gold pieces.

Inventory:

Hand Weapons
 a - a +1 flail (melded)
Armour
 c - a +0 buckler (melded)
 e - a +0 cloak (melded)
 j - a +0 chain mail (melded)
Jewellery
 h - an amulet of regeneration (around neck)
Scrolls
 g - a scroll of enchant weapon
Potions
 d - a potion of might
 f - a potion of berserk rage
 i - a potion of magic


   Skills:
 + Level 2.9 Fighting
 * Level 2.2 Maces & Flails
 + Level 3.9 Armour
 + Level 3.4 Shields
 * Level 1.2 Invocations
 * Level 1.1 Evocations


You had 2 spell levels left.
You didn't know any spells.
Your spell library was empty.

Dungeon Overview and Level Annotations

Branches:
Dungeon (2/15)

Altars:

Annotations:
D:2 Crazy Yiuf


Innate Abilities, Weirdness & Mutations

You are a bat.
You are tiny and dextrous.
You move quickly.
You are flying.
Your equipment is almost entirely melded.
You are incapable of wielding weapons or throwing items.
You cannot cast spells.
((Armour fits poorly on your strangely shaped body.))
((You have extremely tough skin. (AC +3)))
((You have a long armoured tail.))
You regenerate magic when rolling toward enemies. (Rampage MPRegen)


Message History

Search for what [Enter for "mace", or ? for help]? bran Search for what [Enter for "bran", or ? for help]? armo You open the door.
Crazy Yiuf cries, "Cards water agre!"
You closely miss Crazy Yiuf.
Your tail-slap misses Crazy Yiuf.
Crazy Yiuf zaps a wand.
You resist with significant effort.
Crazy Yiuf zaps a wand.
You turn into a bat.
Your +1 flail melds into your body.
Your +0 cloak melds into your body.
Your +0 buckler melds into your body.
Your +0 chain mail melds into your body.
You hit Crazy Yiuf.
Crazy Yiuf is lightly wounded.
Crazy Yiuf barely misses you.
You hit Crazy Yiuf but do no damage.
Crazy Yiuf is lightly wounded.
Crazy Yiuf misses you.
You hit Crazy Yiuf.
Crazy Yiuf is moderately wounded.
Crazy Yiuf misses you.
You hit Crazy Yiuf.
Crazy Yiuf is heavily wounded.
Crazy Yiuf misses you.
Crazy Yiuf is nearby!
You closely miss Crazy Yiuf.
Crazy Yiuf is heavily wounded.
Crazy Yiuf hits you with a +2 quarterstaff of chaos!
You hit Crazy Yiuf but do no damage.
Crazy Yiuf is moderately wounded.
You hit Crazy Yiuf.
Crazy Yiuf is severely wounded.
Crazy Yiuf closely misses you.
You hit Crazy Yiuf.
Crazy Yiuf is severely wounded.
Crazy Yiuf hits you with a +2 quarterstaff of chaos!
Crazy Yiuf burns you.
* * * LOW HITPOINT WARNING * * *
You closely miss Crazy Yiuf.
Crazy Yiuf is severely wounded.
Crazy Yiuf hits you with a +2 quarterstaff of chaos!
You die...

##.# #....###'..+#
#.####.#### #....#
##......# ♣..PP♣
........# ♣.PP♣♣
........# ♣♣.♣♣
....##### ♣.♣♣
############ ♣♣.♣
...........# ♣.♣♣
.#...####### ♣♣b♣
.#...##### #g#
.'...'...# ...
##...###.# #...#
.....# #.# #..)#
##...# #.# #####
...#####'##
.######...###########
......'.........>##.#


You could see Crazy Yiuf.

Vanquished Creatures
  A ribbon worm (D:2)
  2 dart slugs
  An endoplasm (D:1)
  A giant cockroach (D:1)
  3 goblins
  A hobgoblin (D:1)
  2 quokkas (D:2)
  5 ball pythons
  8 bats
  3 frilled lizards
  2 kobolds (D:1)
  4 rats
33 creatures vanquished.

Notes
Turn   | Place    | Note
-------+----------+-------------------------------------------
     0 | D:1      | Gadfly the Armataur Fighter began the quest for the Orb.
     0 | D:1      | Reached XP level 1. HP: 18/18 MP: 1/1
   274 | D:1      | Reached XP level 2. HP: 25/25 MP: 2/2
   520 | D:1      | Found a faded altar of an unknown god.
   542 | D:1      | Reached skill level 1 in Invocations
  1178 | D:2      | Reached skill level 1 in Evocations
  1191 | D:2      | Reached XP level 3. HP: 30/30 MP: 3/3
  1571 | D:2      | Found a runed translucent door.
  1572 | D:2      | Noticed Crazy Yiuf
  1743 | D:2      | Slain by Crazy Yiuf

Illustrated notes

Levels and vault maps discovered:
D:1:      minmay_arrival_arboretum_small, layout_loops_corners,
          dreamdust_ecumenical_altar_hidden_monk_grotto,
          minmay_gold_behind_fungi, grunt_decor_fettered
D:2:      layout_basic, uniq_crazy_yiuf_cottage

Skill      XL: |  1  2 |
---------------+-------+-----
Maces & Flails | 2 |  2.2
Invocations    | 1 |  1.2
Evocations     | 1 |  1.1
Fighting       | |  2.9
Armour         | |  3.9
Shields        | |  3.4

Action                     || total
---------------------------++-------
  Melee: Flail             ||    85
         Tailslap          ||     5
         Unarmed           ||     9
    Use: Scroll            ||     4
         Potion            ||     1
 Armour: Scale mail        ||    51
         Chain mail        ||    11
         Skin              ||     3
  Dodge: Dodged            ||    32
  Block: Buckler           ||    15
